 Dungeon Crawl Stone Soup version 0.21-a0-509-gecc5317 (webtiles) character file.

177 Dawnplanks the Magician (level 5, 0/38 HPs)
             Began as a Draconian Wizard on Nov 30, 2017.
             Slain by a worker ant (2 damage)
             ... on level 4 of the Dungeon.
             The game lasted 00:16:31 (3855 turns).

Dawnplanks the Magician (Draconian Wizard)          Turns: 3855, Time: 00:16:32

Health: 0/38       AC:  6    Str:  9    XL:     5   Next: 30%
Magic:  8/11       EV: 12    Int: 19    God:
Gold:   162        SH:  0    Dex: 10    Spells: 3/12 levels left

rFire    . . .     SeeInvis .   d - +0 club
rCold    . . .     Gourm    .   (no shield)
rNeg     . . .     Faith    .   (armour unavailable)
rPois    .         Spirit   .   a - +0 hat
rElec    .         Reflect  .   (no cloak)
rCorr    .         Harm     .   o - +0 pair of gloves
MR       .....                  (no boots)
Stlth    ++........             (no amulet)
HPRegen  0.12/turn              (no ring)
MPRegen  0.12/turn              (no ring)

@: lethally poisoned (0 -> -6)
A: unfitting armour, cold-blooded, AC +5
a: no special abilities


You were on level 4 of the Dungeon.
You were hungry.

You visited 1 branch of the dungeon, and saw 4 of its levels.

You collected 162 gold pieces.

Inventory:

Hand Weapons
 d - a +0 club (weapon)
Armour
 a - a +0 hat (worn)
 o - a +0 pair of gloves (worn)
Scrolls
 e - 2 scrolls of amnesia {unknown}
 g - 2 scrolls of identify {unknown}
 h - 2 scrolls of teleportation {unknown}
 i - a scroll of remove curse {unknown}
 j - a scroll of fear {unknown}
 k - 3 scrolls of enchant weapon {unknown}
Potions
 l - 4 potions of curing {unknown}
 m - 2 potions of invisibility {unknown}
 n - a potion of agility
Books
 b - a book of Minor Magic

   Spells                             Type                      Level
   a - Magic Dart                     Conjuration                  1
   b - Blink                          Translocation                2
   c - Call Imp                       Summoning                    2
   d - Slow                           Hexes                        2
   e - Conjure Flame                  Conjuration/Fire             3
   f - Mephitic Cloud                 Conjuration/Poison/Air       3
Comestibles
 c - 3 bread rations


   Skills:
 - Level 1.7 Dodging
 - Level 1.7 Stealth
 + Level 4.1 Spellcasting
 + Level 3.1 Conjurations
   Level 1.0 Summonings
 - Level 1.0 Translocations
 - Level 1.5 Air Magic
 - Level 1.5 Poison Magic


You had 3 spell levels left.
You knew the following spells:

 Your Spells              Type           Power        Failure   Level  Hunger
a - Magic Dart            Conj           ###.         3%          1    None
b - Mephitic Cloud        Conj/Pois/Air  ##......     17%         3    ###....
c - Blink                 Tloc           N/A          14%         2    ##.....
d - Conjure Flame         Conj/Fire      #.......     22%         3    ###....


Dungeon Overview and Level Annotations

Branches:
Dungeon (4/15)
 Temple: D:4-7

Altars:
Okawaru
Trog

Annotations:
D:4 Hafrunt's ghost, novice DrTm; Pikel


Innate Abilities, Weirdness & Mutations

Your plain brown scales are hard. (AC +5)
You cannot fit into any form of body armour.
You are cold-blooded and may be slowed by cold attacks.


Message History

You tail-slap the worker ant, but do no damage.
You feel sick. The worker ant closely misses you.
The worker ant bites you but does no damage.
* * * LOW HITPOINT WARNING * * *
You feel sick.
* * * LOW HITPOINT WARNING * * *
You feel sick.
* * * LOW HITPOINT WARNING * * *
You feel sick. The worker ant bites you.
* * * LOW HITPOINT WARNING * * *
* * * LOW HITPOINT WARNING * * *
You feel sick.
* * * LOW HITPOINT WARNING * * *
You feel sick.
* * * LOW HITPOINT WARNING * * *
You feel sick.
A giant cockroach comes into view.
* * * LOW HITPOINT WARNING * * *
You feel sick. The worker ant bites you.
You die...

....†............
...................
...........†.W.....
#...##.##W##....##.
#...#####.# ....#
#.........# .....#
#.........# .....#
#........a# .....#
#........@# .....#
..........#
........<.#
######...## . #...#
.K #..s# ... #...#
.p..#...# p.h...#


You could see a worker ant, Hafrunt's ghost and a giant cockroach.

Vanquished Creatures
  An orc wizard (D:3)
  A worker ant (D:3)
  5 gnolls
  2 adders
  A dart slug (D:2)
  A leopard gecko (D:1)
  8 orcs
  2 ball pythons
  3 giant cockroaches
  10 goblins
  2 hobgoblins
  A quokka (D:3)
  5 bats (D:1)
  3 frilled lizards
  5 kobolds
  9 rats
59 creatures vanquished.

Notes
Turn   | Place    | Note
-------+----------+-------------------------------------------
     0 | D:1      | Dawnplanks the Draconian Wizard began the quest for the Orb.
     0 | D:1      | Reached XP level 1. HP: 14/14 MP: 4/4
   285 | D:1      | Found an iron altar of Okawaru.
   318 | D:1      | Reached XP level 2. HP: 20/20 MP: 4/6
  1060 | D:1      | Reached XP level 3. HP: 26/26 MP: 0/8
  1384 | D:2      | Learned a level 3 spell: Mephitic Cloud
  1387 | D:2      | Learned a level 2 spell: Blink
  1834 | D:2      | Found a bloodstained altar of Trog.
  2019 | D:2      | Reached XP level 4. HP: 32/33 MP: 0/9
  2102 | D:2      | Learned a level 3 spell: Conjure Flame
  2404 | D:3      | Reached skill level 1 in Air Magic
  2421 | D:3      | Reached skill level 1 in Poison Magic
  2867 | D:3      | Reached skill level 4 in Spellcasting
  2930 | D:3      | Reached XP level 5. HP: 38/38 MP: 6/11
  3195 | D:4      | Noticed a phantom
  3623 | D:4      | Noticed Pikel
  3623 | D:4      | Noticed a slave
  3623 | D:4      | Noticed a slave
  3847 | D:4      | Noticed Hafrunt's ghost (novice DrTm)
  3855 | D:4      | Slain by a worker ant

Vault maps used:
D:1:      tarquinn_simple_flora_water_d, okawaru_ov_weapons_minmay
D:2:      first_bread, trog_butcher_becter
D:3:      wad_pebble_path
D:4:      minitemple, nicolae_dithmenos_through_a_glass_darkly,
          kennysheep_slug_shrine, uniq_ijyb, uniq_robin, uniq_pikel,
          uniq_crazy_yiuf_cottage, uniq_grinder

Skill      XL: |  1  2  3  4  5 |
---------------+----------------+-----
Conjurations   | 2 3 |  3.1
Air Magic      | 1 |  1.5
Poison Magic   | 1 |  1.5
Spellcasting   | 4 |  4.1
Dodging        | |  1.7
Stealth        | |  1.7
Summonings     | |  1.0
Translocations | |  1.0

Action                   |  1- 3 |  4- 6 || total
-------------------------+-------+-------++-------
Melee: Unarmed           |    14 |       ||    14
       Club              |    16 |    35 ||    51
       Tailslap          |     2 |     4 ||     6
 Cast: Magic Dart        |    82 |    77 ||   159
       Mephitic Cloud    |     4 |       ||     4
       Conjure Flame     |       |     3 ||     3
  Eat: Chunk             |     4 |     3 ||     7
       Royal jelly       |       |     1 ||     1
Armor: Skin              |    12 |    12 ||    24
Dodge: Dodged            |    23 |    37 ||    60

Table legend:
 A = Spawn XP
 B = Non-spawn XP
 C = Spawn XP percentage of total XP
 D = Spawn monster count
 E = Non-spawn monster count
 F = Spawn count percentage of total count
 G = Total turns spent on level
                    A         B        C        D         E        F      G
               +---------+---------+-------+---------+---------+-------+---------
         Total |       0 |     253 |   0.0 |       0 |      59 |   0.0 |  3855
               +---------+---------+-------+---------+---------+-------+---------
           D:1 |       0 |      49 |   0.0 |       0 |      24 |   0.0 |  1427
           D:2 |       0 |      61 |   0.0 |       0 |      14 |   0.0 |   939
           D:3 |       0 |     127 |   0.0 |       0 |      18 |   0.0 |  1401
           D:4 |       0 |      16 |   0.0 |       0 |       3 |   0.0 |    88
               +---------+---------+-------+---------+---------+-------+---------
